 Dungeon Crawl Stone Soup version 0.23-a0-49-gd9f7a49 (webtiles) character file.

124 Amnesiac the Magician (level 4, 0/30 HPs)
             Began as a Mummy Summoner on Aug 6, 2018.
             Slain by a bullfrog (2 damage)
             ... in a sewer.
             The game lasted 00:07:02 (2020 turns).

Amnesiac the Magician (Mummy Summoner)              Turns: 2020, Time: 00:07:03

Health: 0/30       AC:  2    Str: 11    XL:     4   Next: 81%
Magic:  3/10       EV: 12    Int: 15    God:
Gold:   40         SH:  0    Dex: 12    Spells: 1/11 levels left

rFire    . . .     SeeInvis .   f - +2 whip (freeze)
rCold    + . .     Gourm    .   (no shield)
rNeg     + + +     Faith    .   a - +0 robe
rPois    ∞         Spirit   .   (no helmet)
rElec    .         Reflect  .   (no cloak)
rCorr    .         Harm     .   (no gloves)
MR       .....                  (no boots)
Stlth    ++........             (no amulet)
HPRegen  0.10/turn              e - ring of protection from fire
MPRegen  0.12/turn              (no ring)

@: no status effects
A: no food or potions, fire vulnerability, cold resistance 1, negative energy
resistance 3, torment resistance, unbreathing
a: no special abilities


You were in a sewer.
You were not hungry.

You visited 1 branch of the dungeon, and saw 5 of its levels.
You also visited: Sewer.

You collected 40 gold pieces.

Inventory:

Hand Weapons
 c - a +0 short sword
 f - a +2 whip of freezing (weapon)
Missiles
 b - 13 stones (quivered)
Armour
 a - a +0 robe (worn)
Jewellery
 e - a ring of protection from fire (left hand)
Scrolls
 d - 2 scrolls of remove curse {!r, unknown}


   Skills:
 - Level 1.5 Dodging
 - Level 1.5 Stealth
 + Level 4.4 Spellcasting
 * Level 4.4 Summonings
 + Level 0.4 Air Magic


You had one spell level left.
You knew the following spells:

 Your Spells              Type           Power        Failure   Level  Hunger
a - Summon Small Mammal   Summ           ###.         2%          1    N/A
b - Call Imp              Summ           ###.....     4%          2    N/A
c - Call Canine Familiar  Summ           ###.....     9%          3    N/A
d - Summon Lightning Spi  Summ/Air       ##......     54%         4    N/A

Your spell library contained the following spells:

 Spells                   Type           Power        Failure   Level  Hunger
 Summon Ice Beast         Ice/Summ       #.......     56%         4    N/A
 Summon Guardian Golem    Hex/Summ       #.......     22%         3    N/A

Dungeon Overview and Level Annotations

Branches:
Dungeon (5/15)
 Temple: D:4-7

Altars:
Hepliaklqana
Wu Jian


Innate Abilities, Weirdness & Mutations

You do not eat or drink.
Your flesh is vulnerable to fire.
You are immune to poison.
Your flesh is cold resistant. (rC+)
You are immune to negative energy. (rN+++)
You are immune to unholy pain and torment.
You can survive without breathing.


Message History

You enter the shallow water.
Moving in this stuff is going to be slow.
You start resting.
Magic restored.
Your crimson imp disappears in a puff of smoke!
You start resting.
HP restored.
You start resting.
HP restored.
Casting: Call Imp (safe; 4% risk of failure)
Confirm with . or Enter, or press ? or * to list all spells.
Okay, then.
Casting: Call Imp (safe; 4% risk of failure)
Confirm with . or Enter, or press ? or * to list all spells.
The spell is very dangerous to cast (54% risk of failure)!
Continue anyway?
Aiming: Summon Lightning Spire (very dangerous; 54% risk of failure)
Press: ? - help, Dir - move target cursor An electric hum fills the air.
Your lightning spire shoots out a bolt of lightning at the ooze!
The bolt of electricity hits the ooze.
You enter the shallow water.
Moving in this stuff is going to be slow.
The ooze jiggles.
A bullfrog comes into view.
The bullfrog gives a loud, deep croak!
A bullfrog comes into view.
The bullfrog croaks.
The bullfrog hits you! What are your orders? t - Shout!
Orders for allies: a - Attack new target. r - Retreat! s - Stop attacking. g - Guard the area. f - Follow me.
Anything else - Cancel.
Gang up on whom?
Press: ? - help, Dir - move target cursor, f - bullfrog
Aim: a bullfrog Attack!
The bullfrog barely misses you. The bullfrog hits you.
You hit the bullfrog. You freeze the bullfrog.
The bullfrog is moderately wounded.
Your lightning spire shoots out a bolt of lightning at the bullfrog!
The bolt of electricity hits the bullfrog. x2
The bullfrog hits you.
* * * LOW HITPOINT WARNING * * *
You enter the shallow water.
Moving in this stuff is going to be slow.
The bullfrog closely misses you.
The ooze hits your lightning spire but does no damage.
The bullfrog barely misses you. The bullfrog hits you.
* * * LOW HITPOINT WARNING * * *
The ooze hits your lightning spire but does no damage.
The bullfrog barely misses you. The ooze hits your lightning spire.
Casting: Summon Lightning Spire (very dangerous; 54% risk of failure)
Confirm with . or Enter, or press ? or * to list all spells.
A beastly little devil appears in a puff of frigid air.
The bullfrog closely misses you. The bullfrog completely misses you.
The ooze hits your lightning spire but does no damage.
Casting: Call Imp (safe; 4% risk of failure)
Confirm with . or Enter, or press ? or * to list all spells.
A beastly little devil appears in a puff of frigid air.
The bullfrog hits you!
* * * LOW HITPOINT WARNING * * *
The bullfrog hits you.
You die...

#≈≈≈###.≈.###≈≈≈≈#
##≈≈##≈≈≈≈.≈≈##≈..#
##≈.##.†.≈≈≈≈.≈##≈.##
#.≈≈.≈≈≈≈..≈≈≈≈≈#≈≈≈#
#.≈≈≈≈#######≈≈≈##≈.#
#######≈###≈≈≈≈≈##≈≈.#≈÷#
#≈≈≈≈≈###≈58≈≈≈.≈##≈≈#.≈†
#.≈≈.≈#.FF..J≈.≈≈≈#..##÷≈
#≈≈≈≈.#†@##≈.≈..≈≈##≈†#..
#≈≈#≈.#≈5#.≈≈$.$..≈#≈.#≈.
#≈≈#..#≈.#≈.≈.?[.≈≈#≈.#≈.
#≈.#≈##≈≈#.≈≈..(≈.≈#≈≈#≈.
#.≈#.#≈.≈#≈.≈≈≈.≈≈≈#≈.#≈.
#≈≈#†#∩.≈#≈.≈≈.≈≈≈≈#≈≈#..
#≈≈#.#≈≈≈##≈.≈≈≈≈≈##≈≈#≈≈
#≈.#≈###≈≈#≈≈≈..≈≈#.≈##≈≈
#.≈#.≈≈#≈.##≈≈≈≈≈##≈≈#≈≈≈


You could see 2 bullfrogs, an ooze, a friendly lightning spire and 2 friendly
white imps.

Vanquished Creatures
  An adder (Sewer)
  8 oozes (Sewer)
  2 worms (D:4)
  5 leopard geckos
  An orc (D:3)
  9 giant cockroaches (Sewer)
  A goblin (D:1)
  3 jackals (D:3)
  7 ball pythons (Sewer)
  9 frilled lizards
  2 rats (D:1)
48 creatures vanquished.

Vanquished Creatures (collateral kills)
  An adder (D:4)
  5 orcs (D:3)
  A ball python (D:3)
  A bat (D:3)
  A giant cockroach (Sewer)
  A goblin (D:3)
  A hobgoblin (D:3)
  4 jackals (D:3)
  A kobold (D:1)
  4 frilled lizards
  4 rats (D:3)
24 creatures vanquished.

Grand Total: 72 creatures vanquished

Notes
Turn   | Place    | Note
-------+----------+-------------------------------------------
     0 | D:1      | Amnesiac the Mummy Summoner began the quest for the Orb.
     0 | D:1      | Reached XP level 1. HP: 13/13 MP: 4/4
   374 | D:4      | Reached XP level 2. HP: 7/19 MP: 0/6
   378 | D:4      | Learned a level 2 spell: Call Imp
   489 | D:5      | Entered Level 5 of the Dungeon
   640 | D:3      | Found an ornate altar of the Wu Jian Council.
   738 | D:3      | Found a hazy altar of Hepliaklqana.
   759 | D:3      | Reached XP level 3. HP: 13/24 MP: 2/8
   764 | D:3      | Learned a level 3 spell: Call Canine Familiar
   901 | D:3      | Found a glowing drain.
   905 | Sewer    | Entered a sewer
  1125 | Sewer    | Reached XP level 4. HP: 14/30 MP: 7/10
  1499 | Sewer    | Learned a level 4 spell: Summon Lightning Spire
  2012 | Sewer    | Noticed a bullfrog
  2012 | Sewer    | Noticed a bullfrog
  2020 | Sewer    | Slain by a bullfrog

Vault maps used:
D:1:      erik_arrival_gehennom, corexii_corridor_pit
D:3:      nicolae_overflow_crystal_walls, old_standard_altar, first_ration,
          gup_sewer_entry_bowl, kennysheep_orc_chapel
D:4:      minmay_overflow_temple_star_quad, uniq_grinder
D:5:      nicolae_overflow_hidden_temple, ashenzari_altar_1,
          okawaru_altar_gauntlet_db
Sewer:    sewer_frog_island_02

Skill      XL: |  1  2  3 |
---------------+----------+-----
Spellcasting   | 3 4 |  4.4
Summonings     | 4 |  4.4
Dodging        | |  1.5
Stealth        | |  1.5
Air Magic      | |  0.4

Action                   |  1- 3 |  4- 6 || total
-------------------------+-------+-------++-------
Melee: Short sword       |    38 |       ||    38
       Whip              |    40 |    75 ||   115
Throw: Stone             |     3 |       ||     3
 Cast: Summon Small Mamm |    10 |       ||    10
       Call Imp          |    17 |     7 ||    24
       Summon Lightning  |       |     1 ||     1
 Stab: Sleeping          |     3 |       ||     3
Armor: Robe              |    29 |    21 ||    50
Dodge: Dodged            |    78 |    80 ||   158

Table legend:
 A = Spawn XP
 B = Non-spawn XP
 C = Spawn XP percentage of total XP
 D = Spawn monster count
 E = Non-spawn monster count
 F = Spawn count percentage of total count
 G = Total turns spent on level
                    A         B        C        D         E        F      G
               +---------+---------+-------+---------+---------+-------+---------
         Total |       0 |     178 |   0.0 |       0 |      72 |   0.0 |  2020
               +---------+---------+-------+---------+---------+-------+---------
           D:1 |       0 |       5 |   0.0 |       0 |       4 |   0.0 |    65
           D:2 |       0 |       1 |   0.0 |       0 |       1 |   0.0 |   288
           D:3 |       0 |      35 |   0.0 |       0 |      23 |   0.0 |   310
           D:4 |       0 |      19 |   0.0 |       0 |       4 |   0.0 |   228
         Sewer |       0 |     118 |   0.0 |       0 |      40 |   0.0 |  1115
               +---------+---------+-------+---------+---------+-------+---------
